 Dungeon Crawl Stone Soup version 0.19.1 (webtiles) character file.

38 HeyBub the Magician (level 3, 0/25 HPs)
             Began as a Human Wanderer on Dec 7, 2016.
             Slain by an adder (2 damage)
             ... on level 2 of the Dungeon.
             The game lasted 00:04:12 (1213 turns).

HeyBub the Magician (Human Wanderer)                Turns: 1213, Time: 00:04:13

Health: 0/25       AC:  2    Str: 13    XL:     3   Next: 65%
Magic:  7/8        EV: 11    Int: 14    God:
Gold:   52         SH:  0    Dex: 10    Spells: 1 memorised, 8 levels left

rFire  . . .     SeeInvis .     d - +0 club
rCold  . . .     Gourm    .     c - +0 robe
rNeg   + . .     Faith    .     (no shield)
rPois  .         Spirit   .     (no helmet)
rElec  .         Reflect  .     (no cloak)
rCorr  .         Harm     .     (no gloves)
MR     .....                    (no boots)
Stlth  +.........               (no amulet)
                                (no ring)
                                g - ring of positive energy

@: no status effects
A: no striking features
a: no special abilities


You were on level 2 of the Dungeon.
You were very hungry.

You visited 1 branch of the dungeon, and saw 2 of its levels.

You collected 52 gold pieces.

Inventory:

Hand Weapons
 d - a +0 club (weapon)
Armour
 c - a +0 robe (worn)
Jewellery
 g - a ring of positive energy (left hand)
Scrolls
 b - a scroll of teleportation
 e - a scroll of recharging {unknown}
 h - a scroll of immolation {unknown}
Potions
 i - a potion of brilliance {unknown}
Books
 a - a book of Minor Magic

   Spells                             Type                      Level
   a - Magic Dart                     Conjuration                  1
   b - Blink                          Translocation                2
   c - Call Imp                       Summoning                    2
   d - Repel Missiles                 Charms/Air                   2
   e - Slow                           Hexes                        2
   f - Conjure Flame                  Conjuration/Fire             3
   g - Mephitic Cloud                 Conjuration/Poison/Air       3
Comestibles
 f - 2 bread rations


   Skills:
 + Level 0.4 Fighting
 + Level 0.8 Maces & Flails
 + Level 1.0 Throwing
 + Level 0.6 Dodging
   Level 1.0 Shields
 + Level 3.6 Spellcasting
 + Level 1.1 Conjurations
   Level 3.0 Charms
   Level 1.0 Translocations
   Level 1.0 Earth Magic


You had 8 spell levels left.
You knew the following spells:

 Your Spells              Type           Power        Failure   Level  Hunger
a - Magic Dart            Conj           #...         14%         1    None


Dungeon Overview and Level Annotations

Branches:
Dungeon (2/15)

Altars:
The Shining One


Message History

The frilled lizard bites you.
* * * LOW HITPOINT WARNING * * *
The adder hisses angrily.
An adder comes into view.
The adder hisses angrily.
Found a stone staircase leading up.
The adder bites you.
* * * LOW HITPOINT WARNING * * *
The adder bites you.
* * * LOW HITPOINT WARNING * * *
Found a mace.
Casting: Magic Dart
Confirm with . or Enter, or press ? or * to list all spells.
Aiming: Magic Dart
Press: ? - help, Shift-Dir - straight line, f - adder
Aim: an adder The magic dart hits the adder.
The adder is lightly wounded.
The adder bites you.
You die...

### .... #.. #####....
.. #.......) . #........
#........ #........
#........ #@.......
#S#######
######l##########
.......S.........#
##............[..#######
#......................
#.........####....w....
#.........# #..(......
+.........# #.........


You could see 2 adders and a frilled lizard.

Vanquished Creatures
  An adder (D:2)
  A dart slug (D:1)
  A leopard gecko (D:1)
  2 ball pythons (D:2)
  A giant cockroach (D:1)
  4 goblins
  4 hobgoblins (D:1)
  4 bats (D:1)
  2 frilled lizards
  2 kobolds
  3 rats
25 creatures vanquished.

Notes
Turn   | Place    | Note
-------+----------+-------------------------------------------
     0 | D:1      | HeyBub the Human Wanderer began the quest for the Orb.
     0 | D:1      | HeyBub set off with: a book of Minor Magic, a scroll of teleportation, a +0 robe, a +0 club, a bread ration
     0 | D:1      | Reached XP level 1. HP: 13/13 MP: 4/4
     2 | D:1      | Learned a level 1 spell: Magic Dart
    49 | D:1      | Reached XP level 2. HP: 17/19 MP: 1/6
   685 | D:1      | Reached XP level 3. HP: 12/24 MP: 2/8
   967 | D:2      | Found a glowing golden altar of the Shining One.
  1182 | D:2      | Reached skill level 1 in Conjurations
  1210 | D:2      | HP: 1/25 [adder (2)]
  1213 | D:2      | Slain by an adder

Skill      XL: |  1  2  3 |
---------------+----------+-----
Conjurations   | 1 |  1.1
Fighting       | |  0.4
Maces & Flails | |  0.8
Throwing       | |  1.0
Dodging        | |  0.6
Shields        | |  1.0
Spellcasting   | |  3.6
Charms         | |  3.0
Translocations | |  1.0
Earth Magic    | |  1.0

Action                   || total
-------------------------++-------
Melee: Club              ||    62
 Cast: Magic Dart        ||    63
  Use: Potion            ||     1
Armor: Robe              ||    25
Dodge: Dodged            ||    66
